 Dungeon Crawl Stone Soup version 0.30-a0-782-ge64f9170bb (webtiles) character file.

Game seed: 14909913858902778170

1722539 Anon1729 the Acrobat (level 27, 226/226 HPs)
             Began as a Merfolk Monk on Feb 18, 2023.
             Was a High Priest of Ashenzari.
             Escaped with the Orb
             ... and 3 runes!
             The game lasted 02:49:27 (63440 turns).

Anon1729 the Acrobat (Merfolk Monk)                Turns: 63440, Time: 02:49:28

Health: 226/226    AC:  7    Str: 14    XL:     27
Magic:  41/41      EV: 34    Int: 20    God:    Ashenzari [*****.]
Gold:   1613       SH:  5    Dex: 17    Spells: 18/54 levels left

rFire   + . .      SeeInvis +      - Unarmed
rCold   + + .      Faith    .    (no shield)
rNeg    . . .      Spirit   .    H - +2 robe "Share My Oracle" {rC+ rF+, Elem, Comp} (curse)
rPois   +          Reflect  +    K - +2 hat of Ashenzari's Dismay {Stlth+, Alch, Cun} (curse)
rElec   .          Harm     .    r - +0 cloak "I Foresaw This" {Alch, Evo} (curse)
rCorr   .          Rampage  .    I - +0 pair of gloves "Cursed Water Diviner" {Evo, Cun} (curse)
Will    ++...      Clarity  +    R - +0 pair of boots of the Sibylline Regret {Range, Alch} (curse)
Stlth   ++++                     L - amulet of Ashenzari's Asceticism {Reflect rPois Regen+ SH+5, Alch, Elem} (curse)
HPRegen 1.37/turn                p - ring of Ashenzari's Inaction {+Blink rC+ EV+5 Slay+3, Alch, Cun} (curse)
MPRegen 0.27/turn                u - ring "Share My Skepticism" {AC+4, Alch, Cun} (curse)

@: corroded, studying 2 skills
A: (nimble swimmer 2), mertail, iridescent scales 1, screaming 1
0: Orb of Zot
}: 3/15 runes: decaying, serpentine, abyssal
a: Renounce Religion, Evoke Blink, Curse Item, Shatter the Chains


You escaped.
You worshipped Ashenzari.
Ashenzari was extremely pleased with you.
You visited 10 branches of the dungeon, and saw 47 of its levels.
You visited the Abyss 4 times.
You also visited: Gauntlet and Ice Cave.

You collected 6645 gold pieces.
You spent 5032 gold pieces at shops.

Inventory:

Missiles
 l - a throwing net
 w - 56 poisoned darts
 T - 2 curare-tipped darts
Armour
 r - the cursed +0 cloak "I Foresaw This" (worn) {Alch, Evo}
   (You found it on level 5 of the Dungeon)

   It has a curse which improves the following skills: Alchemy: Poison Magic and
   Transmutations.
   Evocations: Evocations.
 s - a +1 cloak of cold resistance
 y - the -2 pair of boots of Valiance {rC- Dex+3 Slay+6}
   (You found it in a Gauntlet)

   Dex:       It affects your dexterity (+3).
   Slay:      It affects your accuracy & damage with ranged weapons and melee
   (+6).
   rC:        It makes you vulnerable to cold.
 H - the cursed +2 robe "Share My Oracle" (worn) {rC+ rF+, Elem, Comp}
   (You found it in an ice cave)

   It has a curse which improves the following skills: Elements: Fire Magic, Ice
   Magic, Air Magic and Earth Magic.
   Companions: Summonings and Necromancy.
 I - the cursed +0 pair of gloves "Cursed Water Diviner" (worn) {Evo, Cun}
   (You found it on level 11 of the Dungeon)

   It has a curse which improves the following skills: Evocations: Evocations.
   Cunning:   Dodging and Stealth.
 K - the cursed +2 hat of Ashenzari's Dismay (worn) {Stlth+, Alch, Cun}
   (You took it off Gastronok on level 3 of the Lair of Beasts)

   It has a curse which improves the following skills: Alchemy: Poison Magic and
   Transmutations.
   Cunning:   Dodging and Stealth.
 R - the cursed +0 pair of boots of the Sibylline Regret (worn) {Range, Alch}
   (You found it on level 7 of the Dungeon)

   It has a curse which improves the following skills: Ranged Combat: Ranged
   Weapons and Throwing.
   Alchemy:   Poison Magic and Transmutations.
 W - the +0 pair of gloves "Foafaaw" {Rampage rF+}
   (You bought it in a shop on level 2 of the Orcish Mines)

   rF:        It protects you from fire.
   Rampage:   It bestows one free step when moving towards enemies.
Jewellery
 p - the cursed ring of Ashenzari's Inaction (left hand) {+Blink rC+ EV+5 Slay+3, Alch, Cun}
   (You found it on level 3 of the Dungeon)

   [ring of evasion]

   EV:        It affects your evasion (+5).
   Slay:      It affects your accuracy & damage with ranged weapons and melee
   (+3).
   rC:        It protects you from cold.
   +Blink:    It lets you blink.
   It has a curse which improves the following skills: Alchemy: Poison Magic and
   Transmutations.
   Cunning:   Dodging and Stealth.
 u - the cursed ring "Share My Skepticism" (right hand) {AC+4, Alch, Cun}
   (You found it on level 7 of the Dungeon)

   [ring of protection]

   AC:        It affects your AC (+4).
   It has a curse which improves the following skills: Alchemy: Poison Magic and
   Transmutations.
   Cunning:   Dodging and Stealth.
 L - the cursed amulet of Ashenzari's Asceticism (around neck) {Reflect rPois Regen+ SH+5, Alch, Elem}
   (You found it in a Gauntlet)

   [amulet of reflection]

   It reflects blocked missile attacks.
   rPois:     It protects you from poison.
   Regen:     It increases your rate of health regeneration.
   SH:        It affects your SH (+5).
   It has a curse which improves the following skills: Alchemy: Poison Magic and
   Transmutations.
   Elements:  Fire Magic, Ice Magic, Air Magic and Earth Magic.
Wands
 i - a wand of roots (49)
 t - a wand of paralysis (42)
 v - a wand of polymorph (11)
 C - a wand of digging (25)
 G - a wand of flame (74)
 P - a wand of mindburst (29)
 U - a wand of light (13)
Scrolls
 e - 11 scrolls of amnesia
 f - 13 scrolls of teleportation
 g - 4 scrolls of immolation
 j - 5 scrolls of poison
 n - 6 scrolls of silence
 x - 5 scrolls of fog
 E - a scroll of summoning
 F - 8 scrolls of enchant armour
 N - 8 scrolls of fear
 X - 10 scrolls of vulnerability
Potions
 a - 8 potions of cancellation
 b - 5 potions of ambrosia
 c - 32 potions of curing
 k - 13 potions of might
 m - 6 potions of flight
 o - 11 potions of attraction
 q - 4 potions of mutation
 A - 2 potions of berserk rage
 B - 4 potions of magic
 M - 3 potions of resistance
 O - 6 potions of heal wounds
 S - 2 potions of haste
 V - 9 potions of lignification
 Y - 17 potions of brilliance
 Z - 6 potions of invisibility
Miscellaneous
 d - a lightning rod (4/4)
 h - a box of beasts
 D - a tin of tremorstones (2/2)
 Q - a condenser vane


   Skills:
 + Level 20.7 Fighting
 - Level 3.0 Armour
 + Level 21.8(26.8) Dodging
 + Level 20.1(25.2) Stealth
 + Level 18.8 Unarmed Combat
 + Level 14.1 Spellcasting
 + Level 9.5 Conjurations
 - Level 15.0 Hexes
 - Level 5.0(7.2) Summonings
 + Level 21.6(27) Transmutations
 - Level 3.0(5.9) Fire Magic
 - Level 11.1(14.6) Earth Magic
 - Level 10.1(17.3) Poison Magic
 + Level 12.4(15.8) Evocations


You had 18 spell levels left.
You knew the following spells:

 Your Spells              Type           Power      Damage    Failure   Level
a - Blade Hands           Tmut           44%        N/A       0%          5
b - Statue Form           Tmut/Erth      51%        N/A       1%          6
c - Wereblood             Tmut           89%        N/A       0%          2
d - Petrify               Tmut/Erth      77%        N/A       0%          4
e - Olgreb's Toxic Radia  Pois           70%        N/A       1%          4
f - Ignite Poison         Fire/Tmut/Pois 69%        N/A       0%          3
g - Yara's Violent Unrav  Hex/Tmut       39%        3d16      1%          5
h - Irradiate             Conj/Tmut      36%        3d23      1%          5
i - Passwall              Tmut/Erth      64%        N/A       0%          2

Your spell library contained the following spells:

 Spells                   Type           Power      Damage    Failure   Level
 Beastly Appendage        Tmut           100%       N/A       0%          1
 Sandblast                Erth           100%       2d20      0%          1
 Slow                     Hex            100%       N/A       0%          1
 Sting                    Tmut/Pois      100%       1d8       0%          1
 Spider Form              Tmut/Pois      80%        N/A       0%          3
 Alistair's Intoxication  Tmut/Pois      53%        N/A       0%          5
 Kiss of Death            Conj/Necr      100%       2d13      1%          1
 Ensorcelled Hibernation  Hex/Ice        90%        N/A       1%          2
 Momentum Strike          Conj/Tloc      66%        3d9       1%          2
 Poisonous Vapours        Pois/Air       98%        N/A       1%          2
 Scorch                   Fire           74%        2d9       1%          2
 Static Discharge         Conj/Air       68%        2-5/arc   1%          2
 Confusing Touch          Hex            65%        N/A       1%          3
 Inner Flame              Hex/Fire       54%        N/A       1%          3
 Mephitic Cloud           Conj/Pois/Air  50%        N/A       1%          3
 Portal Projectile        Hex/Tloc       88%        N/A       1%          3
 Stone Arrow              Conj/Erth      100%       3d13      1%          3
 Summon Guardian Golem    Hex/Summ       56%        N/A       1%          3
 Tukima's Dance           Hex            65%        N/A       1%          3
 Anguish                  Hex/Necr       22%        N/A       1%          4
 Animate Armour           Summ/Erth      100%       N/A       1%          4
 Cause Fear               Hex            32%        N/A       1%          4
 Leda's Liquefaction      Hex/Erth       32%        N/A       1%          4
 Sticky Flame             Conj/Fire      45%        2d6       1%          4
 Lee's Rapid Deconstruct  Erth           32%        3d16*     1%          5
 Summon Mana Viper        Hex/Summ       56%        N/A       1%          5
 Dragon Form              Tmut           44%        N/A       1%          7
 Iskenderun's Battlesphe  Conj           51%        2d10      2%          5
 Apportation              Tloc           28%        N/A       4%          1
 Necrotise                Necr           60%        1d7       4%          1
 Iron Shot                Conj/Erth      29%        9d6       4%          6
 Fireball                 Conj/Fire      22%        3d10      5%          5
 Metabolic Englaciation   Hex/Ice        22%        N/A       5%          5
 Silence                  Hex/Air        22%        N/A       5%          5
 Sublimation of Blood     Necr           15%        N/A       6%          2
 Borgnjor's Vile Clutch   Necr/Erth      21%        N/A       6%          5
 Blink                    Tloc           28%        N/A       7%          2
 Lesser Beckoning         Tloc           28%        N/A       7%          2
 Enfeeble                 Hex            32%        N/A       9%          7
 Summon Ice Beast         Ice/Summ       29%        N/A       10%         4
 Ozocubu's Armour         Ice            16%        N/A       11%         3
 Swiftness                Air            16%        N/A       11%         3
 Vampiric Draining        Necr           15%        2d7       12%         3
 Arcjolt                  Conj/Air       17%        1d27      16%         5
 Summon Forest            Summ/Tloc      14%        N/A       28%         5
 Starburst                Conj/Fire      22%        6d8       28%         6
 Summon Cactus Giant      Summ           21%        N/A       34%         6
 Dispel Undead            Necr           15%        3d10      36%         4
 Passage of Golubria      Tloc           14%        N/A       41%         4
 Discord                  Hex            32%        N/A       54%         8
 Orb of Destruction       Conj           25%        9d9       61%         7
 Conjure Ball Lightning   Conj/Air       17%        3x3d6     65%         6
 Agony                    Necr           15%        N/A       73%         5
 Necromutation            Tmut/Necr      31%        N/A       73%         8
 Spellforged Servitor     Conj/Summ      23%        N/A       77%         7
 Monstrous Menagerie      Summ           21%        N/A       89%         7
 Lehudib's Crystal Spear  Conj/Erth      29%        10d8      91%         8
 Simulacrum               Ice/Necr       7%         N/A       99%         6
 Ozocubu's Refrigeration  Ice            8%         4d9       100%        7
 Ignition                 Fire           18%        3d7       100%        8
 Chain Lightning          Conj/Air       17%        3d22      100%        9
 Dragon's Call            Summ           21%        N/A       100%        9
 Fire Storm               Conj/Fire      22%        8d6       100%        9
 Polar Vortex             Ice            8%         N/A       100%        9


Dungeon Overview and Level Annotations

Branches:
Dungeon (15/15)            Temple (1/1) D:5            Lair (5/5) D:10
  Swamp (4/4) Lair:2        Snake (4/4) Lair:3          Orc (2/2) D:9
    Elf (3/3) Orc:2        Vaults (4/5) D:13          Crypt (0/3) Vaults:2
 Depths (4/4) D:15            Zot (5/5) Depths:4      IceCv (visited)
Gauntlet (visited)
  Slime: Lair:4-5

Altars:
Ashenzari
Cheibriados
Dithmenos
Elyvilon
Fedhas
Gozag
Hepliaklqana
Kikubaaqudgha
Makhleb
Nemelex Xobeh
Okawaru
Qazlal
Ru
Sif Muna
Trog
Uskayaw
Vehumet
Wu Jian
Xom
Yredelemnul
Zin
The Shining One

Shops:
D:7 [   D:10 :**   Orc:2 =*[(   Elf:1 ::::(   Elf:2 =   Snake:2 *   Snake:3 [[(
Vaults:3 ?[(?*   Depths:4 !

Portals:
Hell: Depths:1 Depths:2 Depths:3 Depths:4
Abyss: Depths:1 Depths:2 Depths:3
Pandemonium: Depths:2
Ziggurat: Depths:1

Annotations:
D:8 exclusion: hornet
D:13 3 runed translucent doors, XanderDroid's ghost, journeyman TrFi
Lair:3 2 transporters, exclusion: downstairs, Endy73's ghost, journeyman TrFi
Vaults:1 Mara


Innate Abilities, Weirdness & Mutations

((You are very nimble when in or above water. (Stealth+, EV+, Speed+++)))
Your lower body shifts to a powerful aquatic tail in water.
You are partially covered in iridescent scales. (AC +2)
You occasionally shout uncontrollably at your foes.


Message History

The cursed +0 pair of gloves "Cursed Water Diviner" {Evo, Cun} unmelds from your body.
The cursed +0 pair of boots of the Sibylline Regret {Range, Alch} unmelds from your body.
The cursed +2 robe "Share My Oracle" {rC+ rF+, Elem, Comp} unmelds from your body.
You feel resistant to extremes of temperature.
A demonspawn corrupter, a shadow demon and a demonspawn warmonger come into view.
The demonspawn warmonger is wielding a +2 vampiric demon whip, wearing a +1 plate armour of poison resistance and wearing a +0 tower shield of fire resistance.
The shadow demon gives a loud, deep croak!
Casting: Passwall (safe; 0% risk of failure)
Confirm with . or Enter, or press ? or * to list all spells.
Aiming: Passwall (safe; 0% risk of failure)
Press: ? - help, Dir - move target A rock wall.
This square is covered in magical glow.
The demonspawn corrupter mumbles some strange prayers to Lugonu against you.
The entropic weave corrodes you!
You begin to meditate on the wall.
You continue meditating on the rock.
HP restored.
The demonspawn corrupter invokes the aid of Lugonu against you.
The entropic weave corrodes you!
You continue meditating on the rock.
The shadow demon gestures.
The demonspawn warmonger calls upon its god to speed up the demonspawn corrupter.
The demonspawn corrupter seems to speed up.
You finish merging with the rock.
Casting: Passwall (safe; 0% risk of failure)
Confirm with . or Enter, or press ? or * to list all spells.
Aiming: Passwall (safe; 0% risk of failure)
Press: ? - help, Dir - move target A rock wall.
This square is covered in magical glow.
You begin to meditate on the wall.
You continue meditating on the rock. x3
You finish merging with the rock.
You climb upwards.
There is a stone staircase leading down here.
There is a stone staircase leading down here.
You open the door.
There is an open door here.
There is an open door here.
There is a staircase leading out of the dungeon here.
You have escaped!

#.#########.#.. ####.#
#.### #....## #.#
#.##..# #.# ##'###'##
#.# # #...#...# #.###
#...#.>.# #....
#...#...# #####
#.@.#.>.###########
#...#...#..........
####...#.>.###########
#..#...#...#######.##
#.###+###'##........#
#.#...##..########.##
#............# #.#
#.#.####.#.#.#####.#
#.#.......###...##.#


There were no monsters in sight!

Vanquished Creatures
  3 dread liches (Zot:5)
  4 orbs of fire (Zot:5)
  An ancient lich (Zot:5)
  A juggernaut (Depths:2)
  the Lernaean hydra (Swamp:4)
  8 Killer Klowns (Zot:5)
  Xtahua (Vaults:2)
  A caustic shrike (Depths:2)
  3 curse toes
  8 golden dragons
  2 bone dragons (Depths:4)
  A Tzitzimitl (D:8)
  3 electric golems
  Jorgrun (Swamp:1)
  Zenata (Vaults:2)
  A pandemonium lord (D:4)
  11 tentacled monstrosities
  2 deep elf blademasters (Elf:3)
  A Hell Sentinel (Depths:1)
  A lich (Depths:2)
  3 quicksilver dragons
  24 Orb Guardians
  2 tentacled starspawn
  3 Executioners
  2 sphinxes
  Gastronok (Lair:3)
  2 deep elf master archers (Elf:3)
  3 death cobs
  7 draconian monks
  8 storm dragons
  6 nagarajas
  4 tengu reavers
  Kirke (Swamp:1)
  8 draconian knights
  7 shadow dragons
  2 fire giants
  3 fenstrider witches
  11 frost giants
  An iron dragon (Depths:2)
  7 deep elf sorcerers
  Aizul (Vaults:1)
  8 vault wardens
  5 draconian scorchers
  A ghost moth (Zot:2)
  A caustic shrike zombie (Depths:3)
  3 deep elf elementalists (Elf:3)
  3 ghouls
  Louise (Swamp:1)
  5 draconian stormcallers
  4 orc warlords
  10 ironbound preservers
  14 very ugly things
  11 stone giants
  3 war gargoyles
  A spriggan defender (Depths:1)
  6 draconian shifters
  4 draconian annihilators
  6 ironbound thunderhulks
  11 green draconians
  7 deep elf demonologists (Elf:3)
  3 vampire knights
  17 red draconians
  9 deep elf annihilators
  5 eleionomae
  Nessos (D:13)
  A minotaur (Gauntlet)
  6 bunyips
  14 black draconians
  2 spark wasps
  7 dire elephants
  8 white draconians
  Azrael (Orc:2)
  19 yellow draconians
  18 purple draconians
  9 deep elf death magi
  2 jiangshi (Depths:1)
  2 crystal guardians (Vaults:1)
  Josephine (D:12)
  7 ettins
  An ettin (shapeshifter) (D:13)
  3 blizzard demons
  9 great orbs of eyes
  2 entropy weavers
  5 shambling mangroves
  A deep elf high priest (Elf:3)
  6 vault guards
  16 hydras
  7 ice dragons
  10 fire dragons
  3 yaktaur captains
  An ogre mage (Vaults:2)
  2 rakshasas
  A spriggan zombie (Depths:3)
  8 ironbound frosthearts
  3 catoblepae
  2 peacekeepers (Vaults:1)
  A salamander tyrant (Snake:4)
  7 spriggan air magi
  25 centaur warriors
  3 ghost crabs (Swamp:2)
  5 boulder beetles
  A merfolk avatar (Lair:5)
  4 two-headed ogres
  A death knight (Vaults:2)
  8 anacondas
  32 dancing weapons
  15 naga warriors
  16 alligators
  6 deep troll shamans
  3 death yaks (Lair:5)
  5 deep troll earth magi
  A vampire mage (Depths:3)
  2 shock serpents (shapeshifter)
  3 thrashing horrors (Abyss:4)
  3 orc high priests
  Urug (Lair:3)
  4 spriggan berserkers
  5 shock serpents
  7 naga sharpshooters
  2 sun demons
  8 spriggans
  A hell knight (Depths:2)
  Sonja (Lair:3)
  13 deep elf knights
  4 salamander mystics
  Amaemon (Lair:2)
  A titan skeleton (Abyss:3)
  An iron troll (Depths:2)
  2 sixfirhies (Abyss:3)
  5 goliath frogs
  3 sea snakes
  4 wretched stars
  2 flayed ghosts
  41 deep trolls
  5 skeletal warriors
  A shadow wraith (Abyss:3)
  7 naga ritualists
  4 spriggan druids
  4 glowing orange brains
  A shadow demon (Depths:2)
  A skyshark (Lair:3)
  A death drake (shapeshifter) (D:13)
  20 ironbound convokers
  4 bog bodies
  14 swamp dragons
  An obsidian statue (IceCv)
  7 deep elf archers
  4 wizards
  8 spriggan simulacra (IceCv)
  9 harpies
  19 deep elf pyromancers
  24 deep elf zephyrmancers
  6 necromancers
  13 orc knights
  4 lindwurms
  Pikel (D:7)
  8 mana vipers
  7 orc sorcerers
  2 anaconda skeletons (Abyss:3)
  A tengu skeleton (Vaults:1)
  37 ugly things
  27 moths of wrath
  9 salamanders
  A worldbinder (Abyss:4)
  An oklob plant (Gauntlet)
  6 will-o-the-wisps
  8 manticores
  2 cyclopes
  20 elephants
  17 naga magi
  4 guardian serpents
  2 centaur zombies (D:15)
  4 smoke demons
  41 black mambas
  Maurice (D:9)
  An ice statue (D:8)
  Joseph (D:9)
  2 torpor snails (Lair:5)
  4 molten gargoyles (Elf:2)
  14 vault sentinels
  2 orange demons
  A water nymph (shapeshifter) (Elf:3)
  A centaur skeleton (D:15)
  6 gargoyles
  Maggie (D:7)
  A minotaur zombie (Gauntlet)
  14 cane toads
  2 human zombies
  2 hellions (Zot:1)
  4 freezing wraiths
  4 komodo dragons
  3 unseen horrors
  19 yaktaurs
  Psyche (D:9)
  2 ancient zymes (Abyss:4)
  A rime drake (Lair:3)
  2 anaconda simulacra (IceCv)
  3 efreet
  9 ice devils
  2 tengu conjurers
  3 golden dragon simulacra (IceCv)
  2 catoblepas skeletons (Abyss:4)
  A bloated husk (Swamp:1)
  A polar bear (Lair:5)
  3 meliai (D:15)
  A wind drake (Lair:5)
  12 trolls
  Prince Ribbit (D:7)
  12 hornets
  14 tyrant leeches
  2 tengu simulacra (Vaults:1)
  A snapping turtle (Lair:5)
  12 blink frogs
  4 dream sheep (Lair:5)
  A raiju (shapeshifter) (D:14)
  A centaur simulacrum (D:14)
  5 large abominations
  38 slime creatures
  A shadow (D:12)
  3 vampires
  3 water elementals (Elf:2)
  9 wyverns
  A culicivora (Vaults:2)
  4 air elementals
  An ettin skeleton (Abyss:3)
  Grum (Lair:1)
  A culicivora (shapeshifter) (Depths:4)
  23 yaks
  2 ynoxinuls
  13 starcursed masses (Abyss:3)
  6 fire elementals
  2 hogs (Swamp:1)
  19 humans (D:13)
  10 vampire mosquitoes
  6 wraiths
  6 basilisks
  2 chaos spawn
  A neqoxec (Abyss:4)
  12 minotaur simulacra (IceCv)
  5 small abominations
  2 steam dragons
  6 redbacks
  5 harpy simulacra (IceCv)
  8 wargs
  36 nagas
  9 swamp worms
  3 acid dragons
  9 hell hounds
  18 water moccasins
  A hydra simulacrum (IceCv)
  3 black bears
  A floating eye (Depths:3)
  9 swamp drakes
  A sky beast (D:7)
  An alligator simulacrum (IceCv)
  An ettin simulacrum (IceCv)
  55 orc warriors
  4 ogres
  19 wolves
  10 boggarts (Vaults:1)
  A lemure (D:7)
  5 centaurs
  3 phantoms
  2 kobold brigands
  Blork the orc (D:4)
  5 bullfrogs
  11 earth elementals
  2 necrophages
  10 deep troll simulacra (IceCv)
  An ogre simulacrum (Vaults:1)
  A human simulacrum (Depths:3)
  5 scorpions
  12 wights
  A hornet simulacrum (D:14)
  12 killer bees
  A lindwurm simulacrum (IceCv)
  5 electric eels
  A lava snake (Elf:2)
  3 hounds
  A jelly (D:6)
  21 orc priests
  Crazy Yiuf (D:4)
  2 iguanas (D:6)
  An iron imp (Abyss:3)
  30 orc wizards
  6 adders
  4 gnolls (Orc:1)
  A shadow imp (D:6)
  4 white imps (Gauntlet)
  3 ufetubi
  3 worms (D:2)
  6 dart slugs
  75 orcs
  7 ball pythons
  4 bats
  8 endoplasms
  3 giant cockroaches
  10 goblins
  9 hobgoblins
  8 kobolds
  A quokka (D:5)
  2 frilled lizards
  9 rats
  A starspawn tentacle (Abyss:3)
1930 creatures vanquished.

Vanquished Creatures (collateral kills)
  A Killer Klown (Zot:5)
  An Orb Guardian (Zot:5)
  A storm dragon (Zot:5)
3 creatures vanquished.

Vanquished Creatures (others)
  A tentacled monstrosity (Swamp:3)
  A draconian knight (Zot:1)
  A fire giant (Depths:1)
  A hydra (Swamp:2)
  A deep elf knight (Elf:2)
  An ironbound convoker (Vaults:1)
  2 bloated husks
  A human (Swamp:1)
  An orc priest (Vaults:3)
  A starcursed mass (Abyss:3)
  An orc wizard (Orc:2)
  A bush (D:10)
  28 foxfires
  52 fungi
  105 plants
  6 starspawn tentacles (Abyss:3)
204 creatures vanquished.

Grand Total: 2137 creatures vanquished

Notes
Turn   | Place    | Note
-------+----------+-------------------------------------------
     0 | D:1      | Anon1729 the Merfolk Monk began the quest for the Orb.
     0 | D:1      | Reached XP level 1. HP: 18/18 MP: 1/1
   217 | D:1      | Reached XP level 2. HP: 24/24 MP: 2/2
   283 | D:1      | Reached skill level 1 in Transmutations
   716 | D:2      | Found a faded altar of an unknown god.
   725 | D:2      | Reached XP level 3. HP: 24/29 MP: 3/3
  1473 | D:3      | Found a shimmering altar of Xom.
  1567 | D:3      | Reached XP level 4. HP: 21/37 MP: 4/4
  2271 | D:3      | Identified the ring of Ciunur {+Blink rC+ EV+5 Slay+3}
  2424 | D:3      | Found an iron altar of Okawaru.
  2468 | D:3      | Reached XP level 5. HP: 42/42 MP: 5/5
  2704 | D:4      | Reached skill level 5 in Dodging
  2741 | D:4      | Noticed an ogre
  2765 | D:4      | Killed an ogre
  2766 | D:4      | Reached XP level 6. HP: 37/49 MP: 6/6
  2879 | D:4      | Found a glowing golden altar of the Shining One.
  2925 | D:4      | Noticed a water moccasin
  2954 | D:4      | Noticed a black bear
  3070 | D:4      | Reached XP level 7. HP: 54/55 MP: 7/7
  3140 | D:4      | Found a runed translucent door.
  3141 | D:4      | Noticed Crazy Yiuf
  3169 | D:4      | Noticed Blork the orc
  3228 | D:4      | Killed Blork the orc
  3229 | D:4      | Reached skill level 5 in Unarmed Combat
  3319 | D:4      | Reached skill level 5 in Fighting
  3811 | D:5      | Entered Level 5 of the Dungeon
  3893 | D:5      | Found a white marble altar of Elyvilon.
  4104 | D:5      | Reached skill level 5 in Stealth
  4162 | D:5      | Found a staircase to the Ecumenical Temple.
  4198 | Temple   | Entered the Ecumenical Temple
  4244 | Temple   | Became a worshipper of Ashenzari the Shackled
  4259 | Temple   | Learned a level 5 spell: Blade Hands
  4344 | D:5      | Reached XP level 8. HP: 59/62 MP: 8/8
  4438 | D:5      | Reached skill level 5 in Transmutations
  4868 | D:6      | Found an opulent altar of Gozag.
  5563 | D:6      | Found a hide-covered altar of Uskayaw.
  5572 | D:6      | Found a sparkling altar of Nemelex Xobeh.
  6179 | D:7      | Found a bloodstained altar of Trog.
  6238 | D:7      | Reached XP level 9. HP: 51/70 MP: 9/9
  6303 | D:7      | Found an ancient bone altar of Kikubaaqudgha.
  6304 | D:7      | Noticed Maggie
  6549 | D:7      | Got the Encyclopedia of the Mesa and the Salamander
  6803 | D:7      | Noticed Pikel
  6845 | D:7      | Killed Pikel
  7123 | D:7      | Reached * piety under Ashenzari
  7124 | D:7      | Found a snail-covered altar of Cheibriados.
  7124 | D:7      | Found Cheibriados's Comfort Zone.
  7232 | D:7      | Noticed Prince Ribbit
  7419 | D:7      | Reached XP level 10. HP: 78/79 MP: 10/10
  7487 | D:7      | Killed Prince Ribbit
  7576 | D:7      | Killed Maggie
  7682 | D:7      | Found a shimmering blue altar of Sif Muna.
  8457 | D:8      | Noticed an ice statue
  8572 | D:8      | Noticed a centaur warrior
  8583 | D:8      | Killed a centaur warrior
  8855 | D:8      | Identified the Excursus on Generative Ouranomancy
  9081 | D:8      | Killed an ice statue
  9082 | D:8      | Reached skill level 10 in Dodging
  9308 | D:9      | Noticed Joseph
  9742 | D:9      | Found a staircase to the Orcish Mines.
  9844 | D:9      | Noticed Maurice
  9912 | D:9      | Reached XP level 11. HP: 87/87 MP: 6/11
 10028 | D:9      | Noticed Psyche
 10064 | D:9      | Identified the cursed +0 cloak "I Foresaw This" {Alch, Evo}
                  | (You found it on level 5 of the Dungeon)
 10064 | D:9      | Identified the cursed +0 robe of the Perceptive Augurer
                  | {rF+, Elem, Range} (You took it off an orc wizard on level
                  | 4 of the Dungeon)
 10087 | D:9      | Killed Psyche
 10174 | D:9      | Reached ** piety under Ashenzari
 10808 | D:9      | Killed Maurice
 11039 | D:9      | Killed Joseph
 11040 | D:9      | Reached skill level 10 in Transmutations
 11290 | D:10     | Entered Level 10 of the Dungeon
 11624 | D:10     | Found Minuk's Book Shoppe.
 11640 | D:10     | Found a stormy altar of Qazlal.
 11802 | D:10     | Reached skill level 10 in Stealth
 11854 | D:10     | Found Avomisoj's Specific Store.
 11859 | D:10     | Found Yligh's General Store.
 11998 | D:10     | Found a staircase to the Lair.
 12266 | D:10     | Found a radiant altar of Vehumet.
 12602 | D:11     | Found a sparkling altar of Nemelex Xobeh.
 12703 | D:11     | Noticed a two-headed ogre
 12779 | D:11     | Identified the cursed +0 pair of gloves "Cursed Water
                  | Diviner" {Evo, Cun} (You found it on level 11 of the
                  | Dungeon)
 12800 | D:11     | Noticed a manticore
 13113 | D:11     | Noticed a two-headed ogre
 13120 | D:11     | Killed a two-headed ogre
 13253 | D:11     | Noticed a two-headed ogre
 13259 | D:11     | Killed a two-headed ogre
 13260 | D:11     | Reached skill level 10 in Fighting
 13260 | D:11     | Reached skill level 10 in Unarmed Combat
 13260 | D:11     | Reached XP level 12. HP: 77/97 MP: 1/12
 13371 | D:11     | Reached *** piety under Ashenzari
 14024 | D:11     | Killed a two-headed ogre
 14346 | D:12     | Identified a scroll of acquirement
 14407 | D:12     | Noticed Josephine
 14503 | D:12     | Acquired a manual of Fighting
 14542 | D:12     | Killed Josephine
 15262 | D:12     | Noticed a boulder beetle
 15283 | D:12     | Killed a boulder beetle
 15634 | D:10     | Bought a scroll of acquirement for 676 gold pieces
 15911 | D:13     | Noticed Nessos
 16002 | Lair:1   | Entered Level 1 of the Lair of Beasts
 16291 | Lair:1   | Reached XP level 13. HP: 106/107 MP: 8/13
 16369 | Lair:1   | Reached **** piety under Ashenzari
 16779 | Lair:1   | Noticed Grum
 16796 | Lair:1   | Killed Grum
 17995 | Lair:2   | Found a staircase to the Swamp.
 18100 | Lair:2   | Noticed Amaemon
 18108 | Lair:2   | Killed Amaemon
 18494 | D:7      | Reached ***** piety under Ashenzari
 18610 | D:7      | Identified the cursed +0 pair of boots of the Sibylline
                  | Regret {Range, Alch} (You found it on level 7 of the
                  | Dungeon)
 18804 | D:4      | Killed Crazy Yiuf
 19333 | Lair:3   | Noticed Gastronok
 19437 | Lair:3   | Found a staircase to the Snake Pit.
 19550 | Lair:3   | Found a transporter.
 19554 | Lair:3   | Found a transporter.
 19554 | Lair:3   | Noticed Endy73's ghost (journeyman TrFi)
 19557 | Lair:3   | Noticed Sonja
 19565 | Lair:3   | Killed Sonja
 19868 | Lair:3   | Killed Gastronok
 20332 | Lair:3   | Noticed Urug
 20605 | Lair:3   | Killed Urug
 20766 | Lair:4   | Reached XP level 14. HP: 101/119 MP: 14/14
 21023 | Orc:1    | Entered Level 1 of the Orcish Mines
 21438 | Orc:1    | Acquired a manual of Earth Magic
 21446 | Orc:1    | Noticed an orc warlord
 21468 | Orc:1    | Reached skill level 1 in Earth Magic
 21478 | Orc:1    | Killed an orc warlord
 21879 | D:10     | Bought a book of Sloth for 432 gold pieces
 21886 | D:10     | Learned a level 6 spell: Statue Form
 21968 | Orc:2    | Entered Level 2 of the Orcish Mines
 21971 | Orc:2    | Found Jaoril's General Store.
 22020 | Orc:2    | Noticed an orc warlord
 22020 | Orc:2    | Found Humasm's Antique Armour Emporium.
 22030 | Orc:2    | Killed an orc warlord
 22031 | Orc:2    | Reached skill level 1 in Spellcasting
 22055 | Orc:2    | Paralysed by an orc sorcerer for 2 turns
 22063 | Orc:2    | Found a gate leading to a gauntlet.
 22064 | Orc:2    | Found a staircase to the Elven Halls.
 22072 | Gauntlet | Entered a Gauntlet
 22072 | Gauntlet | Found a transporter.
 22072 | Gauntlet | Found a transporter.
 22227 | Gauntlet | Identified the amulet "Secrytot" {Reflect rPois Regen+
                  | SH+5}
 22228 | Gauntlet | Found a transporter.
 22245 | Gauntlet | Found a transporter.
 22245 | Gauntlet | Found a transporter.
 22245 | Gauntlet | Found a transporter.
 22247 | Gauntlet | Found a transporter.
 22247 | Gauntlet | Found a transporter.
 22260 | Gauntlet | Found a transporter.
 22275 | Gauntlet | Identified the -2 pair of boots of Valiance {rC- Dex+3
                  | Slay+6}
 22276 | Gauntlet | Found a transporter.
 22286 | Gauntlet | Found a transporter.
 22289 | Gauntlet | Identified the +0 hat "Obloirud" {Will+}
 22300 | Gauntlet | Found a transporter.
 22320 | Gauntlet | Found a transporter.
 22332 | Gauntlet | Found a transporter.
 22670 | Gauntlet | Identified Bomisink's Last Testimony of the Prophet
 22790 | Orc:2    | Found Mopoi's Antique Weapon Emporium.
 22807 | Orc:2    | Noticed Azrael
 22825 | Orc:2    | Killed Azrael
 22831 | Orc:2    | Reached skill level 5 in Earth Magic
 22995 | Orc:2    | Bought a pair of polished gloves for 294 gold pieces
 22995 | Orc:2    | Identified the +0 pair of gloves "Foafaaw" {Rampage rF+}
                  | (You bought it in a shop on level 2 of the Orcish Mines)
 23018 | Orc:2    | Bought a potion of heal wounds for 75 gold pieces
 23052 | Orc:2    | Paralysed by an orc sorcerer for 3 turns
 23092 | Orc:2    | Reached skill level 15 in Dodging
 23201 | Orc:2    | Found Soduoleog's Jewellery Shoppe.
 23517 | D:13     | Killed Nessos
 24080 | D:13     | Found a runed translucent gate.
 24080 | D:13     | Found a runed translucent gate.
 24080 | D:13     | Found a runed translucent gate.
 24162 | D:13     | Learned a level 2 spell: Wereblood
 24167 | D:13     | Learned a level 4 spell: Petrify
 24825 | D:13     | Reached XP level 15. HP: 127/127 MP: 14/19
 24829 | D:13     | Reached skill level 15 in Fighting
 24861 | D:13     | Found a runed translucent gate.
 24861 | D:13     | Found a runed translucent gate.
 24868 | D:13     | Found a runed translucent gate.
 24876 | D:13     | Noticed XanderDroid's ghost (journeyman TrFi)
 25058 | D:13     | Found a gate to the Vaults.
 25628 | D:14     | Reached skill level 15 in Transmutations
 26000 | D:15     | Entered Level 15 of the Dungeon
 26613 | D:15     | Paralysed by an orc sorcerer for 5 turns
 26649 | D:15     | Found a staircase to the Depths.
 26765 | D:15     | Reached skill level 5 in Spellcasting
 27434 | Lair:5   | Entered Level 5 of the Lair of Beasts
 27832 | Lair:5   | Reached XP level 16. HP: 138/138 MP: 18/24
 28098 | Lair:5   | Identified the +6 trident of Callousness {flame, Will-
                  | Int+4 Stlth+}
 28099 | Lair:5   | Identified the +5 rapier "Impbane" {pain, Stlth+}
 28100 | Lair:5   | Found the +13 scythe of Curses {drain, curses, Drain}
 29222 | Elf:1    | Entered Level 1 of the Elven Halls
 29237 | Elf:1    | Paralysed by an air elemental for 1 turns
 29310 | Elf:1    | Reached skill level 10 in Earth Magic
 29475 | Elf:1    | Found a radiant altar of Vehumet.
 29546 | Elf:1    | Found Quongun's Book Shop.
 29548 | Elf:1    | Found Zuil's Book Boutique.
 29548 | Elf:1    | Found Rugib's Book Shop.
 29577 | Elf:1    | Found Guacikif's Book Boutique.
 29651 | Elf:1    | Reached skill level 1 in Evocations
 29899 | Elf:1    | Found Qahuloh's Weapon Emporium.
 29997 | Elf:1    | Identified the +0 ring mail of Insecurity {-Cast rElec rN++
                  | rCorr}
 30392 | Elf:2    | Reached skill level 15 in Stealth
 30501 | Elf:2    | Found a huge runed translucent gate.
 30501 | Elf:2    | Found a huge runed translucent gate.
 30502 | Elf:2    | Found a huge runed translucent gate.
 30507 | Elf:2    | Found a huge runed translucent gate.
 30507 | Elf:2    | Found a huge runed translucent gate.
 30532 | Elf:2    | Found Ile Gew's Jewellery Boutique.
 30879 | Elf:2    | Reached XP level 17. HP: 146/146 MP: 20/27
 31398 | Elf:3    | Entered Level 3 of the Elven Halls
 31592 | Elf:3    | Identified the ring of Rotus {rN+ rCorr Int+3}
 31602 | Elf:3    | Noticed a Tzitzimitl
 31608 | Elf:3    | Noticed an Ice Fiend
 31643 | Abyss:2  | Cast into level 2 of the Abyss (a deep elf sorcerer)
 31866 | Elf:3    | Escaped the Abyss
 31947 | Elf:3    | Reached skill level 1 in Summonings
 31947 | Elf:3    | Reached skill level 1 in Poison Magic
 32000 | Elf:3    | Identified the +1 glaive "Ziriedye" {heavy, Fragile Int+4
                  | Stlth+}
 32005 | Elf:3    | Noticed a deep elf blademaster
 32005 | Elf:3    | Noticed a deep elf master archer
 32005 | Elf:3    | Noticed a deep elf blademaster
 32005 | Elf:3    | Noticed a deep elf master archer
 32009 | Elf:3    | Killed a deep elf master archer
 32010 | Elf:3    | Killed a deep elf master archer
 32010 | Elf:3    | Identified the +1 robe of Faoreid {rN+}
 32012 | Elf:3    | Killed a deep elf blademaster
 32015 | Elf:3    | Killed a deep elf blademaster
 32209 | Elf:3    | Noticed a Tzitzimitl
 32226 | Abyss:3  | Cast into level 3 of the Abyss (a deep elf demonologist)
 32275 | Abyss:3  | Noticed a tentacled starspawn
 32287 | Abyss:3  | Killed a tentacled starspawn
 32310 | Abyss:3  | Reached XP level 18. HP: 147/154 MP: 30/30
 32501 | Elf:3    | Escaped the Abyss
 33206 | Elf:3    | Reached skill level 5 in Evocations
 33243 | Abyss:4  | Cast into level 4 of the Abyss (a deep elf sorcerer)
 33275 | Abyss:4  | Found a corrupted altar of Lugonu.
 33362 | Abyss:4  | Paralysed by accursed screaming for 1 turns
 33511 | Abyss:4  | Got an abyssal rune of Zot
 33518 | Elf:3    | Escaped the Abyss
 33757 | Elf:3    | Found the +8 orange crystal plate armour {Archmagi, Int+3
                  | Clar}
 33759 | Elf:3    | Identified the +6 shortbow of Yceocat {heavy, Drain rElec
                  | Will+ Dex+4}
 33808 | Elf:3    | Acquired the Codex of Undead Gusts
 33872 | Elf:3    | Identified the +0 pair of boots of Springtime {rPois rN+
                  | Stlth-}
 33941 | Elf:3    | Identified the +2 helmet of the Lotus Blossom {rElec rN+}
 34209 | Snake:1  | Entered Level 1 of the Snake Pit
 34256 | Snake:1  | Reached skill level 15 in Unarmed Combat
 34294 | Snake:1  | Reached skill level 1 in Conjurations
 34391 | Snake:1  | Reached skill level 1 in Hexes
 34530 | Snake:1  | Identified the +6 long sword "Anteas" {protect, *Rage rCorr
                  | SInv}
 34625 | Snake:1  | Identified the +1 leather armour "Feargh" {+Blink}
 34638 | Snake:1  | Reached skill level 10 in Spellcasting
 34882 | Snake:2  | Reached XP level 19. HP: 161/161 MP: 33/33
 35151 | Snake:2  | Found Wahoxt's Overcharged Wands.
 35605 | Snake:3  | Found Ibaven's Armour Shop.
 35607 | Snake:3  | Found Ifeujadi's Armour Boutique.
 35626 | Snake:3  | Found Udghoaji's Antique Weapon Shop.
 36179 | Snake:3  | Reached skill level 5 in Poison Magic
 36922 | Snake:4  | Entered Level 4 of the Snake Pit
 36992 | Snake:4  | Identified the +1 spear "Galaos" {flame, *Corrode *Slow
                  | Int+8 Stlth+}
 37007 | Snake:4  | Reached skill level 5 in Hexes
 37359 | Snake:4  | Learned a level 4 spell: Olgreb's Toxic Radiance
 37363 | Snake:4  | Learned a level 3 spell: Ignite Poison
 37908 | Snake:4  | Reached skill level 5 in Summonings
 38052 | Snake:4  | Got a serpentine rune of Zot
 38496 | Vaults:1 | Entered Level 1 of the Vaults
 38773 | Vaults:1 | Reached XP level 20. HP: 73/170 MP: 34/34
 39179 | Elf:1    | Bought Great Wizards, Vol. VII for 480 gold pieces
 39185 | Elf:1    | Learned a level 5 spell: Yara's Violent Unravelling
 39189 | Elf:1    | Bought a book of Alchemy for 448 gold pieces
 39195 | Elf:1    | Learned a level 5 spell: Irradiate
 39201 | Elf:1    | Bought a book of Burglary for 320 gold pieces
 39204 | Elf:1    | Learned a level 2 spell: Passwall
 39759 | Vaults:1 | Noticed Aizul
 39768 | Vaults:1 | Killed Aizul
 40851 | Vaults:2 | Noticed Mara
 40878 | Vaults:2 | Noticed Anon1729's illusion
 41098 | Vaults:2 | Noticed Anon1729's illusion
 41122 | Vaults:2 | Noticed Anon1729's illusion
 41141 | Vaults:1 | Noticed Anon1729's illusion
 41168 | Vaults:2 | Noticed Xtahua
 41180 | Vaults:2 | Killed Xtahua
 41181 | Vaults:2 | Reached skill level 10 in Hexes
 41471 | Vaults:2 | Noticed Zenata
 41613 | Vaults:2 | Paralysed by a great orb of eyes for 5 turns
 41920 | Vaults:2 | Found a staircase to the Crypt.
 42101 | Vaults:2 | Killed Zenata
 42426 | Vaults:3 | Reached XP level 21. HP: 177/177 MP: 31/36
 42440 | Vaults:3 | Found Nelyo's Armour Shop.
 42691 | Vaults:3 | Reached skill level 1 in Fire Magic
 42761 | Vaults:3 | Found Buthes's Antique Weapon Boutique.
 42816 | Vaults:3 | Found Cioch's Magic Scroll Shop.
 42819 | Vaults:3 | Bought a scroll of immolation for 44 gold pieces
 42819 | Vaults:3 | Bought a scroll of silence for 104 gold pieces
 42819 | Vaults:3 | Bought a scroll of teleportation for 33 gold pieces
 42819 | Vaults:3 | Bought a scroll of blinking for 82 gold pieces
 42819 | Vaults:3 | Bought a scroll of amnesia for 44 gold pieces
 42819 | Vaults:3 | Bought a scroll of blinking for 82 gold pieces
 42819 | Vaults:3 | Bought a scroll of teleportation for 33 gold pieces
 42819 | Vaults:3 | Bought a scroll of teleportation for 33 gold pieces
 42856 | Abyss:4  | Cast into level 4 of the Abyss (a wizard)
 42867 | Vaults:3 | Escaped the Abyss
 43600 | Vaults:3 | Found Keysk's Magic Scroll Shoppe.
 43608 | Vaults:3 | Bought a scroll of fog for 44 gold pieces
 43608 | Vaults:3 | Bought a scroll of enchant armour for 82 gold pieces
 43608 | Vaults:3 | Bought a scroll of vulnerability for 44 gold pieces
 43608 | Vaults:3 | Bought a scroll of teleportation for 33 gold pieces
 43753 | Vaults:3 | Found Cemey's General Store.
 43982 | Vaults:4 | Identified the Elucidation of the Unclean Bonfire
 44002 | Vaults:4 | Reached skill level 5 in Conjurations
 44051 | Vaults:4 | Identified the ring "Gaugol" {Wiz rPois SInv Stlth+}
 45211 | Swamp:1  | Entered Level 1 of the Swamp
 45211 | Swamp:1  | Noticed Kirke
 45211 | Swamp:1  | Found a frozen archway.
 45221 | Swamp:1  | Killed Kirke
 45234 | IceCv    | Entered an ice cave
 45258 | IceCv    | Identified the Codex of the Puissant Deep Freeze
 45710 | IceCv    | Identified the +6 spear of Olequc {flame, rPois}
 45711 | IceCv    | Identified the +2 mace of Recklessness {venom, Dex+3}
 46098 | Swamp:1  | Noticed Jorgrun
 46103 | Swamp:1  | Noticed Louise
 46114 | Swamp:1  | Killed Jorgrun
 46136 | Swamp:1  | Killed Louise
 46547 | Swamp:2  | Reached XP level 22. HP: 185/185 MP: 35/37
 47557 | Swamp:3  | Identified the cursed +2 robe "Share My Oracle" {rC+ rF+,
                  | Elem, Comp} (You found it in an ice cave)
 48115 | Swamp:4  | Entered Level 4 of the Swamp
 49133 | Swamp:4  | Noticed the 27-headed Lernaean hydra
 49146 | Swamp:4  | Killed the 27-headed Lernaean hydra
 49244 | Swamp:4  | Got a decaying rune of Zot
 49615 | Depths:1 | Entered Level 1 of the Depths
 50105 | Depths:1 | Found an iron altar of Okawaru.
 50350 | Depths:1 | Found a one-way gate to the infinite horrors of the Abyss.
 50608 | Depths:1 | Found a gateway to Hell.
 50638 | Depths:1 | Found a one-way gateway to a ziggurat.
 50991 | Depths:2 | Noticed a caustic shrike
 51000 | Depths:2 | Killed a caustic shrike
 51001 | Depths:2 | Reached XP level 23. HP: 192/194 MP: 33/39
 51011 | Depths:2 | Noticed a juggernaut
 51029 | Depths:2 | Killed a juggernaut
 51061 | Depths:2 | Noticed a golden dragon
 51072 | Depths:2 | Killed a golden dragon
 51167 | Depths:2 | Found a shadowy altar of Dithmenos.
 51199 | Depths:2 | Reached skill level 1 in Armour
 51482 | Depths:2 | Reached skill level 10 in Poison Magic
 51510 | Depths:2 | Identified the +2 leather armour of Yredelemnul's Approval
                  | {rC- Str+10 Dex-5}
 51692 | Depths:2 | Found a one-way gate leading to the halls of Pandemonium.
 52487 | Depths:3 | Paralysed by a floating eye for 4 turns
 52498 | Depths:3 | Noticed a golden dragon
 52512 | Depths:3 | Killed a golden dragon
 53059 | Depths:3 | Acquired the +1 pair of boots "Uzoam" {*Corrode rElec rC+
                  | Slay+2}
 53071 | Depths:4 | Entered Level 4 of the Depths
 53184 | Depths:4 | Reached skill level 10 in Evocations
 53400 | Depths:4 | Found Nafakku's Distillery.
 53427 | Depths:4 | Bought a potion of experience for 850 gold pieces
 53427 | Depths:4 | Bought a potion of resistance for 170 gold pieces
 53427 | Depths:4 | Bought a potion of curing for 51 gold pieces
 53427 | Depths:4 | Bought a potion of curing for 51 gold pieces
 53427 | Depths:4 | Bought a potion of haste for 170 gold pieces
 53427 | Depths:4 | Bought a potion of magic for 136 gold pieces
 53427 | Depths:4 | Bought a potion of heal wounds for 85 gold pieces
 53427 | Depths:4 | Bought a potion of mutation for 136 gold pieces
 53427 | Depths:4 | Reached XP level 24. HP: 201/201 MP: 39/39
 53681 | Depths:4 | Found a gate to the Realm of Zot.
 54102 | Zot:1    | Entered Level 1 of the Realm of Zot
 54114 | Zot:1    | Gained mutation: Your body sometimes deteriorates upon
                  | taking damage. [mutagenic glow]
 54121 | Zot:1    | Reached XP level 25. HP: 143/208 MP: 1/39
 54141 | Depths:4 | Gained mutation: You occasionally lose the ability to read
                  | scrolls when taking damage. [mutagenic glow]
 54197 | Depths:4 | Lost mutation: You occasionally lose the ability to read
                  | scrolls when taking damage. [potion of mutation]
 54197 | Depths:4 | Lost mutation: Your body sometimes deteriorates upon taking
                  | damage. [potion of mutation]
 54197 | Depths:4 | Gained mutation: You have sharp fingernails. [potion of
                  | mutation]
 54197 | Depths:4 | Gained mutation: Armour fits poorly on your strangely
                  | shaped body. [potion of mutation]
 54197 | Depths:4 | Gained mutation: You are partially covered in iridescent
                  | scales. (AC +2) [potion of mutation]
 54197 | Depths:4 | Gained mutation: You are robust. (+10% HP) [potion of
                  | mutation]
 54600 | Depths:4 | Reached skill level 15 in Hexes
 57727 | Zot:2    | Identified the +0 leather armour of Ashenzari's Pride
                  | {rC+++ rCorr Int-4}
 59315 | Zot:4    | Reached XP level 26. HP: 239/239 MP: 40/40
 59572 | Zot:4    | Identified the +6 mace of Nice Action {flame, Dex+3}
 60271 | Zot:5    | Entered Level 5 of the Realm of Zot
 60271 | Zot:5    | Noticed a Killer Klown
 60296 | Zot:5    | Killed a Killer Klown
 60995 | Zot:5    | Noticed a Killer Klown
 60995 | Zot:5    | Noticed a Killer Klown
 61015 | Zot:5    | Noticed an orb of fire
 61018 | Zot:5    | Noticed a Killer Klown
 61021 | Zot:5    | Noticed an orb of fire
 61029 | Zot:5    | Noticed an orb of fire
 61043 | Zot:5    | Gained mutation: You sometimes lose your temper in combat.
                  | [an orb of fire]
 61045 | Zot:5    | Gained mutation: You are clumsy. (Dex -2) [an orb of fire]
 61048 | Zot:5    | Gained mutation: You occasionally lose the ability to drink
                  | potions when taking damage. [an orb of fire]
 61051 | Zot:5    | Killed an orb of fire
 61072 | Zot:5    | Noticed a dread lich
 61270 | Zot:5    | Killed a Killer Klown
 61352 | Zot:5    | Killed an orb of fire
 61370 | Zot:5    | Killed a Killer Klown
 61376 | Zot:5    | Noticed a Killer Klown
 61379 | Zot:5    | Killed a Killer Klown
 61388 | Zot:5    | Paralysed by a dread lich for 5 turns
 61394 | Zot:5    | Killed a dread lich
 61394 | Zot:5    | Noticed an ancient lich
 61402 | Zot:5    | Killed an ancient lich
 61429 | Zot:5    | Killed a Killer Klown
 61821 | Zot:5    | Noticed a Killer Klown
 61824 | Zot:5    | Noticed a Killer Klown
 61841 | Zot:5    | Noticed a Killer Klown
 61842 | Zot:5    | Noticed a dread lich
 61843 | Zot:5    | Killed a Killer Klown
 61856 | Zot:5    | Killed a Killer Klown
 61856 | Zot:5    | Paralysed by a dread lich for 4 turns
 61864 | Zot:5    | Killed a Killer Klown
 61869 | Zot:5    | Killed a dread lich
 61966 | Zot:5    | Noticed an orb of fire
 61968 | Zot:5    | Noticed a Killer Klown
 61969 | Zot:5    | Gained mutation: Your magical capacity is low. (-10% MP)
                  | [an orb of fire]
 61978 | Zot:5    | Killed an orb of fire
 62007 | Zot:5    | Killed a Killer Klown
 62084 | Zot:5    | Gained mutation: You occasionally shout uncontrollably at
                  | your foes. [an orb of fire]
 62085 | Zot:5    | Lost mutation: You are robust. (+10% HP) [an orb of fire]
 62087 | Zot:5    | Gained mutation: Your spells are a little easier to cast,
                  | but a little less powerful. [an orb of fire]
 62093 | Zot:5    | Gained mutation: You are very clumsy. (Dex -4) [an orb of
                  | fire]
 62184 | Zot:4    | Lost mutation: You sometimes lose your temper in combat.
                  | [potion of mutation]
 62184 | Zot:4    | Lost mutation: Armour fits poorly on your strangely shaped
                  | body. [potion of mutation]
 62184 | Zot:4    | Gained mutation: You have a pair of small horns on your
                  | head. [potion of mutation]
 62185 | Zot:4    | Lost mutation: You have sharp fingernails. [potion of
                  | mutation]
 62185 | Zot:4    | Lost mutation: You are very clumsy. (Dex -4) [potion of
                  | mutation]
 62185 | Zot:4    | Lost mutation: You occasionally shout uncontrollably at
                  | your foes. [potion of mutation]
 62186 | Zot:4    | Lost mutation: Your magical capacity is low. (-10% MP)
                  | [potion of mutation]
 62186 | Zot:4    | Lost mutation: You occasionally lose the ability to drink
                  | potions when taking damage. [potion of mutation]
 62186 | Zot:4    | Gained mutation: You are resistant to electric shocks.
                  | (rElec) [potion of mutation]
 62187 | Zot:4    | Lost mutation: Your spells are a little easier to cast, but
                  | a little less powerful. [potion of mutation]
 62187 | Zot:4    | Lost mutation: You are resistant to electric shocks.
                  | (rElec) [potion of mutation]
 62187 | Zot:4    | Lost mutation: You have a pair of small horns on your head.
                  | [potion of mutation]
 62187 | Zot:4    | Lost mutation: You are clumsy. (Dex -2) [potion of
                  | mutation]
 62305 | Zot:5    | Gained mutation: You occasionally shout uncontrollably at
                  | your foes. [an orb of fire]
 62307 | Zot:5    | Killed an orb of fire
 62427 | Zot:5    | Noticed a dread lich
 62435 | Zot:5    | Killed a dread lich
 62436 | Zot:5    | Reached XP level 27. HP: 226/226 MP: 41/41
 62590 | Zot:5    | Got the Orb of Zot
 62773 | Depths:1 | Noticed a seraph
 62776 | Depths:1 | Identified the +12 tower shield of Time Monsters {rF-
                  | Regen+ Str+8 Stlth+}
 63337 | D:4      | Noticed Zocw the pandemonium lord
 63348 | D:4      | Killed Zocw the pandemonium lord
 63440 | D:$      | Escaped with the Orb!

Illustrated notes

Levels and vault maps discovered:
D:1:      minmay_arrival_up_and_down, layout_loops_ring, due_unseen_surprise
D:2:      layout_basic, ebering_ecumenical_altar_sacrificial
D:3:      layout_basic, mainiacjoe_overflow_big_doors
D:4:      layout_basic, overflow_temple_1_default, uniq_crazy_yiuf_cottage,
          uniq_blork_the_orc
D:5:      layout_loops_ring, nicolae_elyvilon_peaceful_grove, temple_green,
          serial_park_tiny_1
D:6:      layout_basic, general_overflow_altar,
          mainiacjoe_overflow_large_starburst
D:7:      minmay_angry_zag, layout_basic, kennysheep_orc_sif_temple,
          kiku_gazebo_pond_becter, old_standard_altar, serial_bayou,
          serial_bayou_pond_e, serial_bayou_shore_a, serial_bayou_shore_b,
          serial_bayou_crossing, minmay_shop_chei, st_stairs_14, uniq_maggie,
          uniq_prince_ribbit1, uniq_pikel
D:8:      lemuel_ice_statue, layout_rooms, kennysheep_island_fort
D:9:      layout_basic, erik_orc_3, uniq_psyche, uniq_maurice, uniq_joseph
D:10:     layout_cave_pools, grunt_qazlal_sundering,
          mainiacjoe_overflow_alcove_1, minmay_lair_entry_grove, serial_shops,
          nicolae_diamond_shop, nicolae_specific_store
D:11:     layout_loops_corners, special_room [special_room_orc],
          nemelex_spade_bored_becter
D:12:     layout_basic, serial_corexii_hall, chequers_hall_statues_corner_a,
          chequers_hall_statues_corner_a, uniq_josephine
D:13:     layout_layer_cave, grunt_vaults_entry_tiered,
          ploomutoo_gammafunk_ghost_potion_laboratory,
          hangedman_decor_clover_reticule, uniq_nessos
D:14:     layout_loops_cross, hangedman_decor_riveting,
          chequers_serial_rivers_micro_e
D:15:     grunt_enter_depths_magical_seal, layout_basic,
          minmay_misc_feat_secret_circle
Temple:   cyrus_temple_forest
Lair:1:   layout_long_grid, uniq_grum
Lair:2:   layout_long_grid, swamp_mist, uniq_amaemon
Lair:3:   layout_regular_city, minmay_snake_entry_guardpost_small,
          gammafunk_ghost_arena, hangedman_lair_unloving_vines,
          grunt_megastairs_1, uniq_urug, uniq_gastronok, uniq_sonja
Lair:4:   layout_cave_shapes, slime_entry_1, lemuel_centaur_altar,
          grunt_megastairs_3, serial_bayou_shore_b
Lair:5:   gammafunk_lair_ancient_temple, layout_small_grid
Swamp:1:  layout_falls_marsh, portal_ice_cave_entry_pillars_1,
          evilmike_swamp_ruin_house_1, infiniplex_staircase_pool_2,
          uniq_jorgrun, uniq_kirke, uniq_louise
Swamp:2:  layout_basic_swamp, evilmike_swamp_ruin_rubble_1,
          infiniplex_staircase_pool
Swamp:3:  nzn_winding_woodlands_three_and_one [nzn_winding_woodlands_5x15_pool,
          nzn_winding_woodlands_5x15_split_checker,
          nzn_winding_woodlands_5x15_lazy_stream,
          nzn_winding_woodlands_center_garden], layout_falls_marsh,
          nicolae_swamp_dense_foliage, swamp_pool3
Swamp:4:  swamp_old_school, layout_basic_swamp
Snake:1:  layout_cave_shapes
Snake:2:  layout_cave_town, nicolae_shop_overcharged_wands
Snake:3:  layout_layer_cave, lemuel_fruit_tree, minmay_shop_star
Snake:4:  johnstein_snake_rune_scales, layout_cave_town
Orc:1:    layout_diamond_mine, statue_in_the_mist_lemuel
Orc:2:    grunt_orc_gardens, layout_diamond_mine, grunt_orc_garden,
          grunt_orc_garden, grunt_orc_garden, grunt_orc_garden,
          gauntlet_entry_generic, uniq_azrael
Elf:1:    nicolae_elf_arrival_aired_out, layout_loops_corners, serial_shops,
          shop, basic_altar, evilmike_minifort, minmay_shoptagon
Elf:2:    elven_hall_of_blades_hangedman_alternative [mumra_blade_entry_dagger],
          layout_rooms, serial_shops, shop_fountains, minivault_8
Elf:3:    grunt_elf_hall_diamonds, layout_gridlike, amcnicky_mini_pool_small,
          nicolae_elf_variegated_diamond
Vaults:1: hangedman_vaults_river_flow, hangedman_vaults_hat,
          ontoclasm_vaults_chip, nicolae_vaults_network_periphery,
          nicolae_vaults_diagonal_hallway_7, vaults_room_boxed,
          vaults_room_pools, hangedman_vaults_nodes, ontoclasm_vaults_hangar,
          nicolae_vaults_big_angled_halls, grunt_vaults_hallway_short,
          ontoclasm_vaults_gallery, layout_vaults_omnibox, uniq_aizul
Vaults:2: minmay_crypt_entry_simple_walls, v_misc_19, grunt_vaults_diagonal,
          hangedman_vaults_stream, ontoclasm_vaults_misaligned,
          vaults_standard_mumra_enter_the_diamond, v_misc_29,
          vaults_room_guarded_vault, nicolae_vaults_mini_display_case,
          vaults_room_corners, vaults_room_pool, ontoclasm_vaults_spin,
          vaults_mumra_lcd, layout_vaults_omnicross, uniq_zenata, uniq_mara,
          uniq_xtahua
Vaults:3: hangedman_vaults_stagger, grunt_vaults_funnel, v_misc_12,
          special_room_vaults [special_room_orc], nicolae_vaults_network_s,
          dpeg_vaults_monster_row, ontoclasm_vaults_twist,
          ontoclasm_vaults_idyll, nicolae_vaults_theta, ontoclasm_vaults_tryst,
          vaults_dpeg_diagonal, layout_vaults_maze, serial_shops,
          nicolae_shop_behind_doors, shop_fountains, nicolae_shop_waterfront,
          nicolae_square_shop, nicolae_shop_competitors_out_of_business
Vaults:4: vaults_room_fancy_cross, nicolae_vaults_diagonal_hallway_9,
          v_alt_pattern_4, vaults_room_large_hall,
          hangedman_vaults_stretched_pinwheel, hangedman_vaults_trim,
          nicolae_vaults_gold_heap, layout_vaults_omnigrid
Depths:1: nicolae_legendary_halls, layout_basic, enter_ziggurat_a,
          minmay_misc_feat_doors, hell_entry, hangedman_abyss_entry_splay,
          okawaru_trees_2
Depths:2: minmay_crescents, layout_honeycomb, abyss_entry,
          rand_demon_pan_entry_9, kennysheep_crisscross, hell_entry,
          nicolae_dithmenos_shadow_blocks
Depths:3: kennysheep_blocky_room, layout_cave_pools, hangedman_coc_ice_floe,
          abyss_entry_glasseish, infiniplex_staircase_diamond
Depths:4: evilmike_zot_entry_hall, layout_cave_pools,
          hangedman_abyss_or_decor_passed, serial_shops,
          nicolae_shop_statue_plus, hangedman_tar_grid_catacomb
Zot:1:    layout_basic, hangedman_hellfire_club
Zot:2:    layout_twisted_circle, skrybe_zot_glass_1
Zot:3:    layout_misc_corridors
Zot:4:    layout_basic, grunt_megastairs_5
Zot:5:    layout_cellular_growth, nicolae_lava_and_water, grunt_ministairs_6

Skill      XL: |  1  2  3  4  5  6  7  8  9 10 11 12 13 14 15 16 17 18 19 20 21 22 23 24 25 26 |
---------------+-------------------------------------------------------------------------------+-----
Transmutations | 1 2 3 4 6 7 9 11 12 13 14 15 16 17 18 19 20 21 | 21.6
Stealth        | 3 4 5 6 7 9 10 11 13 14 15 16 17 18 19 20 | 20.1
Unarmed Combat | 4 5 6 7 8 10 11 12 13 14 15 16 17 18 | 18.8
Fighting       | 4 5 6 7 8 10 11 13 14 15 16 17 18 19 20 | 20.7
Dodging        | 5 6 7 9 10 11 13 14 15 16 17 18 19 20 21 | 21.8
Earth Magic    | 6 9 10 11 | 11.1
Spellcasting   | 2 5 7 8 10 11 12 13 14 | 14.1
Evocations     | 2 4 5 6 7 8 9 10 11 12 | 12.4
Summonings     | 2 4 5 |  5.0
Poison Magic   | 2 4 6 7 8 9 10 | 10.1
Conjurations   | 1 3 4 5 6 7 8 9 |  9.5
Hexes          | 2 7 10 12 13 14 15 | 15.0
Fire Magic     | 2 3 |  3.0
Armour         | 2 3 |  3.0

Action                     |  1- 3 |  4- 6 |  7- 9 | 10-12 | 13-15 | 16-18 | 19-21 | 22-24 | 25-27 || total
---------------------------+-------+-------+-------+-------+-------+-------+-------+-------+-------++-------
  Melee: Unarmed           |   149 |   120 |   368 |   458 |   822 |   956 |  1415 |   996 |  1017 ||  6301
         Punch             |     5 |     4 |    17 |    23 |   101 |   123 |   217 |   170 |   207 ||   867
         Tailslap          |       |       |       |     3 |     2 |     5 |     3 |    26 |       ||    39
  Throw: Dart              |       |       |     7 |    19 |       |       |       |       |     1 ||    27
   Cast: Blade Hands       |       |       |       |    69 |    49 |       |     1 |       |     2 ||   121
         Statue Form       |       |       |       |       |    53 |    77 |    94 |    70 |    86 ||   380
         Olgreb's Toxic Ra |       |       |       |       |       |       |     4 |     8 |     5 ||    17
         Ignite Poison     |       |       |       |       |       |       |     2 |     7 |     6 ||    15
         Wereblood         |       |       |       |       |       |       |     1 |       |       ||     1
         Yara's Violent Un |       |       |       |       |       |       |    22 |       |     5 ||    27
         Irradiate         |       |       |       |       |       |       |     6 |    11 |    10 ||    27
         Petrify           |       |       |       |       |       |       |     1 |       |       ||     1
         Passwall          |       |       |       |       |       |       |       |       |    12 ||    12
 Invoke: Curse Item        |       |       |     2 |     3 |     5 |       |       |     1 |       ||    11
         Shatter the Chain |       |       |       |       |     2 |       |     1 |       |       ||     3
Ability: End Transformatio |       |       |       |       |     2 |       |       |       |       ||     2
         Evoke Blink       |       |       |       |       |       |     1 |     1 |       |     1 ||     3
  Evoke: Wand              |       |       |     2 |     8 |    25 |     5 |    16 |     3 |    11 ||    70
         Tin of tremorston |       |       |       |       |       |     4 |     4 |       |       ||     8
         Condenser vane    |       |       |       |       |       |     3 |     4 |     1 |       ||     8
         Box of beasts     |       |       |       |       |       |       |       |       |     1 ||     1
    Use: Scroll            |       |     3 |     4 |     1 |     4 |     4 |     6 |     3 |    13 ||    38
         Potion            |       |     3 |     1 |     1 |       |     2 |     5 |     2 |    14 ||    28
   Stab: Sleeping          |     6 |     3 |    14 |    10 |    15 |    12 |    15 |    12 |     2 ||    89
         Distracted        |       |       |     2 |       |     2 |     3 |     1 |     5 |     6 ||    19
         Paralysed         |       |       |     8 |     5 |     4 |       |     4 |       |       ||    21
         Petrified         |       |       |       |       |       |     3 |       |       |       ||     3
         Confused          |       |       |       |       |       |       |     1 |     4 |       ||     5
 Armour: Robe              |    22 |     7 |    30 |    39 |    46 |     3 |     6 |    11 |    22 ||   186
         Skin              |       |       |       |     2 |   158 |   363 |   570 |   451 |   411 ||  1955
  Dodge: Dodged            |    86 |    86 |   278 |   380 |  1006 |  1395 |  2578 |  1648 |  1596 ||  9053
  Block: Other             |       |       |    20 |    87 |   209 |   289 |   496 |   279 |   283 ||  1663
         Reflection        |       |       |     1 |     1 |     5 |     8 |    21 |     4 |     7 ||    47

Table legend: (Time is in decaauts)
 A = Elapsed time spent in this place.
 B = Non-inter-level travel time spent in this place.
 C = Inter-level travel time spent in this place.
 D = Time resting spent in this place.
 E = Time spent auto-exploring this place.
 F = Levels seen in this place.
 G = Mean time per level.
                   A        B        C        D        E       F      G
               +--------+--------+--------+--------+--------+-----+--------+
         Total |  70196 |  63183 |   7013 |   7165 |  39188 |  54 | 1299.9 |
       Dungeon |  23678 |  19638 |   4040 |   2828 |  12839 |  15 | 1578.5 |
        Temple |    103 |     60 |     43 |      0 |     44 |   1 |  103.0 |
          Lair |   6551 |   5697 |    854 |    357 |   4017 |   5 | 1310.2 |
         Swamp |   3843 |   3682 |    161 |    340 |   2266 |   4 |  960.8 |
     Snake Pit |   4859 |   4713 |    146 |      0 |   3553 |   4 | 1214.8 |
  Orcish Mines |   1741 |   1520 |    221 |    135 |    979 |   2 |  870.5 |
   Elven Halls |   5136 |   4834 |    302 |    557 |   2815 |   3 | 1712.0 |
        Vaults |   6965 |   6523 |    442 |    572 |   4273 |   4 | 1741.2 |
        Depths |   6080 |   5675 |    405 |    490 |   3788 |   4 | 1520.0 |
           Zot |   8544 |   8151 |    393 |   1686 |   3725 |   5 | 1708.8 |
         Abyss |   1025 |   1025 |      0 |     45 |     82 |   5 |  205.0 |
      Ice Cave |    935 |    935 |      0 |     12 |    541 |   1 |  935.0 |
      Gauntlet |    731 |    731 |      0 |    139 |    262 |   1 |  731.0 |
               +--------+--------+--------+--------+--------+-----+--------+

Top non-repeatable levels by time:
     D:9: 2831 daAuts
   Zot:5: 2517 daAuts
    D:13: 2485 daAuts
    D:11: 2315 daAuts
Vaults:1: 2158 daAuts
Vaults:2: 2070 daAuts
     D:7: 2065 daAuts
   Elf:3: 1961 daAuts
  Lair:3: 1934 daAuts
  Lair:5: 1886 daAuts
    D:15: 1838 daAuts
   Zot:1: 1821 daAuts
Depths:4: 1768 daAuts
   Zot:4: 1738 daAuts
    D:12: 1690 daAuts
